 Dungeon Crawl Stone Soup version 0.31-a0-549-gf98fd537a9 (webtiles) character file.

Game seed: 7902632648923552131

3004 Ethylacetat the Martial Artist (level 9, -2/66 HPs)
             Began as an Octopode Gladiator on Aug 16, 2023.
             Was an Initiate of Gozag.
             Slain by a killer bee (5 damage)
             ... on level 8 of the Dungeon.
             The game lasted 00:10:45 (8293 turns).

Ethylacetat the Martial Artist (Octopode Gladiator) Turns: 8293, Time: 00:10:45

Health: -2/66      AC:  1    Str: 13    XL:     9   Next: 84%
Magic:  3/3        EV: 18    Int: 13    God:    Gozag
Gold:   471        SH:  0    Dex: 18    Spells: 8/8 levels left

rFire   . . .        m - +6 spear of Atyjyxza {antimagic, *Slow rPois rN+ Int+3}
rCold   . . .        (no shield)
rNeg    + . .        a - +0 hat
rPois   +            (no amulet)
rElec   .            F - ring of resist corrosion
rCorr   +            (no ring)
SInv    .            (no ring)
Will    .....        (no ring)
Stlth   +++          (no ring)
HPRegen 0.31/turn    (no ring)
MPRegen 0.08/turn    (no ring)
                     (no ring)

%: slow self (1%)
@: no status effects
A: almost no armour, amphibious, 8 rings, camouflage 1, gelatinous body 1,
(nimble swimmer 1), tentacles
a: Renounce Religion, Potion Petition, Call Merchant, Bribe Branch


You were on level 8 of the Dungeon.
You worshipped Gozag.
Gozag was aware of your devotion.
You visited 2 branches of the dungeon, and saw 9 of its levels.

You collected 607 gold pieces.
You paid 136 gold pieces to Gozag.

Inventory:

Hand Weapons
 m - the +6 spear of Atyjyxza (weapon) {antimagic, *Slow rPois rN+ Int+3}
   (You found it on level 2 of the Dungeon)

   Int+3:     It affects your intelligence (+3).
   rPois:     It protects you from poison rN+: It protects you from negative
   energy.
   *Slow:     It may slow you when you take damage.
 r - a +1 dagger of venom
Missiles
 b - 4 throwing nets
 c - a javelin
 g - 6 curare-tipped darts (quivered)
Armour
 a - a +0 hat (worn)
Jewellery
 F - a ring of resist corrosion (left tentacle)
 I - a +6 ring of dexterity
Wands
 x - a wand of flame (60)
 y - a wand of iceblast (9)
Scrolls
 e - 7 scrolls of teleportation {unknown}
 h - 2 scrolls of amnesia {unknown}
 i - 2 scrolls of enchant weapon {unknown}
 k - 12 scrolls of identify {unknown}
 p - 2 scrolls of fog {unknown}
 s - 2 scrolls of brand weapon {unknown}
 u - 2 scrolls of poison {unknown}
 v - 2 scrolls of noise {unknown}
 w - a scroll of vulnerability {unknown}
 A - a scroll of enchant armour {unknown}
 B - 3 scrolls of blinking {unknown}
 C - a scroll of revelation {unknown}
 D - 2 scrolls of torment {unknown}
 H - a scroll of immolation {unknown}
Potions
 d - 2 potions of mutation {unknown}
 f - 4 potions of heal wounds
 j - 2 potions of magic {unknown}
 l - 3 potions of degeneration {unknown}
 n - 5 potions of might {unknown}
 o - 2 potions of ambrosia {unknown}
 q - a potion of attraction {unknown}
 t - 2 potions of enlightenment {unknown}
 z - 2 potions of invisibility {unknown}
 E - a potion of lignification {unknown}
 G - 3 potions of curing {unknown}


   Skills:
 + Level 8.1 Fighting
 - Level 2.0 Throwing
 + Level 8.2 Dodging
 + Level 8.3 Unarmed Combat


You had 8 spell levels left.
You didn't know any spells.
Your spell library contained the following spells:

 Spells                   Type           Power      Damage    Failure   Level
 Blink                    Tloc           0%         N/A       43%         2
 Lesser Beckoning         Tloc           0%         N/A       43%         2
 Momentum Strike          Conj/Tloc      0%         3d8       43%         2
 Dazzling Flash           Conj/Hex       0%         N/A       67%         3
 Inner Flame              Hex/Fire       0%         N/A       67%         3
 Volatile Blastmotes      Fire/Tloc      0%         2d10      67%         3
 Flame Wave               Conj/Fire      0%         2d4       97%         4
 Fulminant Prism          Conj/Hex       0%         3d5       97%         4
 Iskenderun's Mystic Bla  Conj/Tloc      0%         2d3       97%         4
 Sticky Flame             Conj/Fire      0%         2d3       97%         4
 Agony                    Necr           0%         N/A       100%        5
 Silence                  Hex/Air        0%         N/A       100%        5
 Starburst                Conj/Fire      0%         6d3       100%        6
 Maxwell's Capacitive Co  Air            0%         ∞         100%        8


Dungeon Overview and Level Annotations

Branches:
Dungeon (8/15)             Temple (1/1) D:7
   Lair: D:8-11

Altars:
Ashenzari
Cheibriados
Dithmenos
Elyvilon
Fedhas
Gozag
Hepliaklqana
Kikubaaqudgha
Makhleb
Nemelex Xobeh
Okawaru
Qazlal
Ru
Sif Muna
Trog
Uskayaw
Wu Jian
Xom
Yredelemnul
Zin
The Shining One


Innate Abilities, Weirdness & Mutations

You cannot wear most types of armour.
You are amphibious.
You can wear up to eight rings at the same time.
Your skin changes colour to match your surroundings (Stealth+).
Your rubbery body absorbs attacks. (AC +1, EV +1)
((You are camouflaged when in or above water. (Stealth+)))
You have tentacles for arms and can constrict up to eight enemies at once.


Message History

You constrict the killer bee. The killer bee barely misses you.
The killer bee closely misses you. x2; The killer bee barely misses you.
The killer bee stings you. The killer bee closely misses you.
You puncture the killer bee!
You kill the killer bee!
You constrict the killer bee.
You kill the killer bee!
The killer bee stings you. The killer bee misses you.
The killer bee completely misses you. The killer bee closely misses you.
The killer bee barely misses you. The killer bee completely misses you.
You barely miss the killer bee. You grab the killer bee.
You feel yourself speed up.
You constrict the killer bee. The killer bee closely misses you. x2
The killer bee misses you. The killer bee stings you.
The killer bee completely misses you. The killer bee misses you.
You hit the killer bee. Your squeeze misses the killer bee.
The killer bee is moderately wounded.
You constrict the killer bee. The killer bee misses you.
The killer bee stings you.
* * * LOW HITPOINT WARNING * * *
The killer bee stings you.
* * * LOW HITPOINT WARNING * * *
The killer bee misses you.
You puncture the killer bee! Your grab misses the killer bee.
Your squeeze misses the killer bee.
The killer bee is moderately wounded.
You constrict the killer bee. The killer bee closely misses you.
The killer bee completely misses you. The killer bee misses you.
The killer bee stings you.
* * * LOW HITPOINT WARNING * * *
You barely miss the killer bee. Your squeeze misses the killer bee.
The killer bee is heavily wounded.
You constrict the killer bee. The killer bee barely misses you.
The killer bee stings you!
* * * LOW HITPOINT WARNING * * *
The killer bee stings you!
* * * LOW HITPOINT WARNING * * *
The killer bee stings you.
You die...
Your body crumbles into a pile of gold.

#.......# #.......# +.......#
#.......# #.......# #.......#
#.......+ ##############y@.....#
##.............y#######
................'yy....
................#y..... ......
................#...... #.......)
................#########........
.................................
.................................
..........................<......


You could see 2 killer bees.

Vanquished Creatures
  A steam dragon (D:4)
  3 water moccasins
  2 sky beasts (D:7)
  A black bear (D:6)
  An ogre (D:4)
  A centaur (D:8)
  A phantom (D:5)
  5 kobold brigands
  2 bullfrogs
  2 scorpions (D:5)
  4 wights (D:7)
  3 killer bees (D:8)
  4 electric eels (D:6)
  2 hounds (D:5)
  Crazy Yiuf (D:5)
  3 jellies
  3 orc priests
  Jessica (D:3)
  An iguana (D:4)
  2 sleepcaps
  Ijyb (D:4)
  3 orc wizards
  A hound zombie (D:4)
  19 gnolls
  10 adders
  A shadow imp (D:5)
  2 white imps
  An adder zombie (D:4)
  4 worms (D:2)
  4 dart slugs
  10 orcs
  10 bats
  9 endoplasms
  3 giant cockroaches
  10 goblins
  11 hobgoblins
  51 kobolds
  6 quokkas
  11 ball pythons
  4 frilled lizards
  4 rats
218 creatures vanquished.

Notes
Turn   | Place    | Note
-------+----------+-------------------------------------------
     0 | D:1      | Ethylacetat the Octopode Gladiator began the quest for the
                  | Orb.
     0 | D:1      | Reached XP level 1. HP: 14/14 MP: 1/1
   170 | D:1      | Reached XP level 2. HP: 19/19 MP: 2/2
   642 | D:2      | Reached XP level 3. HP: 25/25 MP: 3/3
  1141 | D:2      | Reached XP level 4. HP: 29/30 MP: 4/4
  1141 | D:2      | Identified the +6 spear of Atyjyxza {antimagic, *Slow rPois
                  | rN+ Int+3}
  1522 | D:3      | Found a faded altar of an unknown god.
  1876 | D:3      | Reached XP level 5. HP: 32/36 MP: 1/5
  1953 | D:3      | Noticed Jessica
  1959 | D:3      | Killed Jessica
  2169 | D:4      | Noticed an ogre
  2197 | D:4      | Killed an ogre
  2198 | D:4      | Reached XP level 6. HP: 43/43 MP: 2/6
  2230 | D:4      | Found a hide-covered altar of Uskayaw.
  2333 | D:4      | Found a basalt altar of Yredelemnul.
  2518 | D:4      | Noticed Ijyb
  2527 | D:4      | Killed Ijyb
  2578 | D:4      | You fall into a shaft and drop 1 floor!
  2578 | D:5      | Entered Level 5 of the Dungeon
  2603 | D:5      | Reached skill level 5 in Unarmed Combat
  2612 | D:5      | Reached XP level 7. HP: 16/49 MP: 2/7
  2849 | D:4      | Reached skill level 5 in Dodging
  3512 | D:4      | Noticed a steam dragon
  3520 | D:4      | Killed a steam dragon
  3853 | D:5      | Reached skill level 5 in Fighting
  4020 | D:5      | Identified the +4 hammer "Xungul" {freeze, rElec Str+5
                  | Dex+2}
  4023 | D:5      | Found a runed translucent door.
  4024 | D:5      | Noticed Crazy Yiuf
  4032 | D:5      | Killed Crazy Yiuf
  4169 | D:5      | Reached XP level 8. HP: 52/56 MP: 2/8
  4247 | D:5      | Found an ancient bone altar of Kikubaaqudgha.
  5626 | D:6      | Reached XP level 9. HP: 47/63 MP: 3/9
  5942 | D:6      | HP: 1/64 [hobgoblin (5)]
  6715 | D:7      | Found a staircase to the Ecumenical Temple.
  6891 | Temple   | Entered the Ecumenical Temple
  6903 | Temple   | Became a worshipper of Gozag Ym Sagoz the Greedy
  8293 | D:8      | HP: 3/66 [killer bee (7)]
  8293 | D:8      | Slain by a killer bee

Illustrated notes

Levels and vault maps discovered:
D:1:      minmay_arrival_arboretum_small, layout_basic, nrook_mini_backslash
D:2:      minmay_chambers_of_twos, layout_loops_ring
D:3:      wad_river_or_something, layout_basic,
          shapermc_ecumenical_altar_flowoftime, kennysheep_jessica_study
D:4:      layout_loops_ring, mainiacjoe_overflow_alcove_4,
          lemuel_zombie_altar_yredelemnul, serial_co_window_serial,
          co_window_corner_a, co_window_paths_b, co_window_of_opportunity_a,
          co_window_cross_1, co_window_paths_b, co_window_cross_4,
          co_window_corner_ca, co_window_of_opportunity_b, co_window_2corner,
          co_window_unsneaky_path_c, co_window_corner_b, co_window_paths_d,
          co_window_4corner_b, glass_columns_a, glass_columns_b,
          glass_columns_b, hangedman_minor_gate_pass, uniq_ijyb
D:5:      layout_gridville, nicolae_kikubaaqudgha_miasma_corner,
          uniq_crazy_yiuf_cottage
D:6:      minmay_goblin_kobold_castle, layout_gridville
D:7:      layout_loops_corners, temple_statues, kennysheep_cross_bottleneck
D:8:      layout_gridville, minmay_evil_grid, uniq_gastronok
Temple:   hc_temple_tempest_star

Skill      XL: |  1  2  3  4  5  6  7  8  9 |
---------------+----------------------------+-----
Fighting       | 3 4 5 6 8 |  8.1
Unarmed Combat | 4 5 7 8 |  8.3
Dodging        | 4 5 7 8 |  8.2
Throwing       | |  2.0

Action                     |  1- 3 |  4- 6 |  7- 9 || total
---------------------------+-------+-------+-------++-------
  Melee: Unarmed           |    68 |       |       ||    68
         Constrict         |    18 |    30 |    54 ||   102
         Tentacles         |     9 |    22 |    57 ||    88
         Punch             |     5 |     4 |    15 ||    24
         Spear             |       |   123 |   362 ||   485
  Throw: Dart              |       |     1 |     1 ||     2
  Evoke: Wand              |       |       |     4 ||     4
    Use: Potion            |       |       |     1 ||     1
   Stab: Sleeping          |     6 |    15 |    20 ||    41
         Distracted        |       |     1 |       ||     1
 Armour: Skin              |     1 |     4 |    12 ||    17
  Dodge: Dodged            |    38 |    43 |   277 ||   358

Table legend: (Time is in decaauts)
 A = Elapsed time spent in this place.
 B = Non-inter-level travel time spent in this place.
 C = Inter-level travel time spent in this place.
 D = Time resting spent in this place.
 E = Time spent auto-exploring this place.
 F = Levels seen in this place.
 G = Mean time per level.
                   A        B        C        D        E       F      G
               +--------+--------+--------+--------+--------+-----+--------+
         Total |   8356 |   8118 |    238 |    628 |   6197 |   9 |  928.4 |
       Dungeon |   8331 |   8104 |    227 |    628 |   6197 |   8 | 1041.4 |
        Temple |     24 |     13 |     11 |      0 |      0 |   1 |   24.0 |
               +--------+--------+--------+--------+--------+-----+--------+

Top non-repeatable levels by time:
     D:6: 2195 daAuts
     D:4: 1674 daAuts
     D:7: 1470 daAuts
     D:2: 915 daAuts
     D:3: 701 daAuts
     D:1: 529 daAuts
     D:5: 491 daAuts
     D:8: 355 daAuts
  Temple: 24 daAuts
